 Dungeon Crawl Stone Soup version 0.22-a0-181-gb22368a (webtiles) character file.

20 Amnesiac the Digger (level 2, 0/19 HPs)
             Began as a Mummy Earth Elementalist on Feb 14, 2018.
             Slain by a quokka (3 damage)
             ... on level 2 of the Dungeon.
             The game lasted 00:01:26 (404 turns).

Amnesiac the Digger (Mummy Earth Elementalist)       Turns: 404, Time: 00:01:27

Health: 0/19       AC:  3    Str: 11    XL:     2   Next: 58%
Magic:  0/6        EV: 12    Int: 16    God:
Gold:   0          SH:  0    Dex: 12    Spells: 6/7 levels left

rFire    x . .     SeeInvis .   (no weapon)
rCold    + . .     Gourm    .   (no shield)
rNeg     + + +     Faith    .   c - +0 robe
rPois    ∞         Spirit   .   f - +0 helmet
rElec    .         Reflect  .   (no cloak)
rCorr    .         Harm     .   (no gloves)
MR       .....                  (no boots)
Stlth    ++........             (no amulet)
HPRegen  0.06/turn              g - +2 ring of intelligence
MPRegen  0.10/turn              (no ring)

@: no status effects
A: no food or potions, fire vulnerability, cold resistance 1, negative energy
resistance 3, torment resistance, unbreathing
a: no special abilities


You were on level 2 of the Dungeon.
You were not hungry.

You visited 1 branch of the dungeon, and saw 2 of its levels.

Inventory:

Missiles
 b - 10 stones (quivered)
 e - 6 curare-tipped needles
Armour
 c - a +0 robe (worn)
 f - a +0 helmet (worn)
Jewellery
 g - a +2 ring of intelligence (left hand)
Scrolls
 a - a scroll of blinking {!r, unknown}
Books
 d - a book of Geomancy

   Spells                             Type                      Level
   a - Sandblast                      Earth                        1
   b - Passwall                       Transmutation/Earth          2
   c - Stone Arrow                    Conjuration/Earth            3
   d - Petrify                        Transmutation/Earth          4
   e - Lee's Rapid Deconstruction     Earth                        5


   Skills:
 - Level 1.5 Dodging
 - Level 1.5 Stealth
 + Level 3.1 Spellcasting
   Level 0.7 Transmutations
 * Level 3.1 Earth Magic


You had 6 spell levels left.
You knew the following spells:

 Your Spells              Type           Power        Failure   Level  Hunger
a - Sandblast             Erth           ##....       5%          1    N/A

Dungeon Overview and Level Annotations

Branches:
Dungeon (2/15)

Altars:


Innate Abilities, Weirdness & Mutations

You do not eat or drink.
Your flesh is vulnerable to fire.
You are immune to poison.
Your flesh is cold resistant. (rC+)
You are immune to negative energy. (rN+++)
You are immune to unholy pain and torment.
You can survive without breathing.


Message History

The worm bites you!
* * * LOW HITPOINT WARNING * * *
The giant cockroach barely misses you.
Found 13 poisoned needles.
The giant cockroach bites you.
* * * LOW HITPOINT WARNING * * *
The giant cockroach closely misses you.
Casting: Sandblast (safe; 6% risk of failure)
Confirm with . or Enter, or press ? or * to list all spells.
Aiming: Sandblast (safe; 6% risk of failure)
Press: ? - help, Shift-Dir - straight line, f/p - giant cockroach
Aim: a giant cockroach (almost dead, clinging)
The blast of sand hits the giant cockroach.
You kill the giant cockroach!
b - 14 stones
Casting: Sandblast (safe; 6% risk of failure)
Confirm with . or Enter, or press ? or * to list all spells.
Aiming: Sandblast (safe; 6% risk of failure)
Press: ? - help, Shift-Dir - straight line, f - adder
Aim: an adder (lightly wounded)
The blast of sand hits the adder.
You kill the adder!
Your Spellcasting skill increases to level 3!
Your Earth Magic skill increases to level 3!
b - 13 stones A frilled lizard, a giant cockroach and a hobgoblin come into view.
You see here 13 poisoned needles.
A quokka comes into view.
The goblin shouts!
Casting: Sandblast (safe; 5% risk of failure)
Confirm with . or Enter, or press ? or * to list all spells.
Aiming: Sandblast (safe; 5% risk of failure)
Press: ? - help, Shift-Dir - straight line, f - goblin
Aim: a goblin, wearing a scale mail The blast of sand hits the goblin.
You kill the goblin!
b - 12 stones Unknown command.
Casting: Sandblast (safe; 5% risk of failure)
Confirm with . or Enter, or press ? or * to list all spells.
Aiming: Sandblast (safe; 5% risk of failure)
Press: ? - help, Shift-Dir - straight line, f - quokka
Aim: a quokka The blast of sand misses the quokka.
b - 11 stones Unknown command.
Unknown command.
The quokka closely misses you. The quokka bites you.
* * * LOW HITPOINT WARNING * * *
Casting: Sandblast (safe; 5% risk of failure)
Confirm with . or Enter, or press ? or * to list all spells.
Aiming: Sandblast (safe; 5% risk of failure)
Press: ? - help, Shift-Dir - straight line, f/p - quokka
Aim: a quokka The blast of sand hits the quokka.
The quokka is almost dead.
b - 10 stones The quokka barely misses you.
Unknown command.
Unknown command.
A worm comes into view.
The quokka bites you.
You die...

.# w .# .. ####.#
.. ....# #.##...##
......# .. #....#
#.# #@# #.# #r#
#.# #.# #####.#
#.# #...#.# #.#
#...#.#########.#
##...............#
........###.######
..........#.#


You could see a worm (sleeping) and a quokka.

Vanquished Creatures
  An adder (D:2)
  A leopard gecko (D:2)
  A giant cockroach (D:2)
  3 goblins (D:2)
  2 hobgoblins (D:1)
  A ball python (D:1)
9 creatures vanquished.

Notes
Turn   | Place    | Note
-------+----------+-------------------------------------------
     0 | D:1      | Amnesiac the Mummy Earth Elementalist began the quest for the Orb.
     0 | D:1      | Reached XP level 1. HP: 13/13 MP: 4/4
   342 | D:2      | Reached XP level 2. HP: 12/19 MP: 0/5
   404 | D:2      | Slain by a quokka

Vault maps used:
D:1:      mrwooster_arrival_statue
D:2:      first_ration

Skill      XL: |  1  2 |
---------------+-------+-----
Spellcasting   | 3 |  3.1
Earth Magic    | 3 |  3.1
Dodging        | |  1.5
Stealth        | |  1.5
Transmutations | |  0.7

Action                   || total
-------------------------++-------
Melee: Unarmed           ||     7
 Cast: Sandblast         ||    20
Armor: Robe              ||    13
Dodge: Dodged            ||    41

Table legend:
 A = Spawn XP
 B = Non-spawn XP
 C = Spawn XP percentage of total XP
 D = Spawn monster count
 E = Non-spawn monster count
 F = Spawn count percentage of total count
 G = Total turns spent on level
                    A         B        C        D         E        F      G
               +---------+---------+-------+---------+---------+-------+---------
         Total |       0 |      29 |   0.0 |       0 |       9 |   0.0 |   404
               +---------+---------+-------+---------+---------+-------+---------
           D:1 |       0 |       5 |   0.0 |       0 |       3 |   0.0 |   147
           D:2 |       0 |      24 |   0.0 |       0 |       6 |   0.0 |   257
               +---------+---------+-------+---------+---------+-------+---------
